 Dungeon Crawl Stone Soup version 0.19.0-19-g8c6edcc (webtiles) character file.

189 KarmaPolice the Charmwright (level 5, 0/40 HPs)
             Began as a Vampire Skald on Nov 14, 2016.
             Slain by Crazy Yiuf
             ... wielding a +4 quarterstaff of chaos
              (7 damage)
             ... on level 3 of the Dungeon.
             The game lasted 00:09:12 (4289 turns).

KarmaPolice the Charmwright (Vampire Skald)         Turns: 4289, Time: 00:09:13

Health: 0/40       AC:  7    Str: 11    XL:     5   Next: 40%
Magic:  8/9        EV: 11    Int: 14    God:
Gold:   103        SH:  0    Dex: 15    Spells: 4 memorised, 2 levels left

rFire  . . .     SeeInvis +     a - +0 falchion
rCold  + . .     Gourm    .     b - +0 leather armour
rNeg   + + .     Faith    .     (no shield)
rPois  +         Spirit   .     n - +1 hat
rElec  .         Reflect  .     (no cloak)
rCorr  .         Harm     .     q - +2 pair of gloves
MR     .....                    (no boots)
Stlth  ++........               (no amulet)
                                (no ring)
                                (no ring)

@: regenerating slowly
A: fangs 3, see invisible, unbreathing
a: Bat Form


You were on level 3 of the Dungeon.
You were thirsty.

You visited 1 branch of the dungeon, and saw 3 of its levels.

You collected 103 gold pieces.

Inventory:

Hand Weapons
 a - a +0 falchion (weapon)
Armour
 b - a +0 leather armour (worn)
 n - a +1 hat (worn)
 q - a +2 pair of gloves (worn)
Jewellery
 j - a +5 ring of evasion {unknown}
 m - a +4 ring of protection {unknown}
 p - an uncursed ring of fire {unknown}
 r - a +4 amulet of reflection {unknown}
Scrolls
 g - 2 scrolls of amnesia {unknown}
 h - a scroll of noise {unknown}
 k - 2 scrolls of teleportation {unknown}
 l - a scroll of magic mapping {unknown}
 o - a scroll of enchant armour {unknown}
Potions
 d - 8 potions of blood
 e - 2 potions of heal wounds {unknown}
 f - a potion of curing {unknown}
 i - a potion of invisibility {unknown}
 s - a potion of degeneration {unknown}
Books
 c - a book of Battle

   Spells                             Type                      Level
   a - Infusion                       Charms                       1
   b - Shroud of Golubria             Charms/Translocation         2
   c - Song of Slaying                Charms                       2
   d - Spectral Weapon                Hexes/Charms                 3
   e - Regeneration                   Charms/Necromancy            3


   Skills:
 + Level 2.9 Fighting
 + Level 3.4 Long Blades
 - Level 0.7 Armour
 - Level 1.1 Dodging
 - Level 3.1 Spellcasting
 + Level 4.3 Charms
 + Level 0.0 Necromancy


You had 2 spell levels left.
You knew the following spells:

 Your Spells              Type           Power        Failure   Level  Hunger
a - Infusion              Chrm           ##..         6%          1    #......
b - Song of Slaying       Chrm           ##......     10%         2    ##.....
c - Shroud of Golubria    Chrm/Tloc      #.........   21%         2    ##.....
d - Regeneration          Chrm/Necr      #.........   38%         3    ###....


Dungeon Overview and Level Annotations

Branches:
Dungeon (3/15)

Altars:
Uskayaw

Annotations:
D:3 Crazy Yiuf


Innate Abilities, Weirdness & Mutations

You heal slowly.
You have razor-sharp teeth.
You have supernaturally acute eyesight. (SInv)
You can survive without breathing.


Message History

Your magical infusion is running out.
You see here a mace.
Your shroud unravels.
You see here a mace.
You are no longer magically infusing your attacks.
Your song is almost over.
Items here: )) [[ an antimagic hand axe; a leather armour; a dagger; a robe Crazy Yiuf grits, "Announcement!
Gnoll unthinkable sanguine."
Things that are here:
a hand axe; a trident; a chain mail Crazy Yiuf grits, "Announcement ragdoll sizzlefizz!"
Your song has ended.
Crazy Yiuf whimpers, "Trifle!
Castle fast pontify."
Crazy Yiuf says, "Crazy?
Crazy!?
PORCUPINE!"
Crazy Yiuf whimpers, "You King broken!"
Crazy Yiuf whimpers, "Pitchfork!
Flower tea pizzabubble."
Crazy Yiuf whimpers, "Liver!
Whippet disdain song."
Crazy Yiuf hits you with a quarterstaff of chaos!
You die...

....#####
#.##.#.>.....##....#.
....#
#.##(#.......##......
....#
#..#.........##......
....#
#..############......
....#
#..##................
....#
#..##..........##....
....##
#..##..........######
.....####
#..##.##########
........# #..g@.#
........# ##.##.#
##### ###.....#
#.##.# #..)# #.....#
#.##.# #..)# #....(#
#.##.# #)..# #.....#
#.##.# #'# #.....#
#.#### ♣♣)♣ #.....#
#.#### ♣.♣♣ #.....#
#<...# ♣♣)♣


You could see Crazy Yiuf.

Vanquished Creatures
  An orc wizard (D:3)
  2 gnolls (D:2)
  6 adders
  A worm (D:2)
  7 dart slugs
  4 leopard geckos
  6 orcs (D:3)
  4 bats
  4 giant cockroaches (D:2)
  5 goblins
  3 hobgoblins (D:1)
  2 jackals (D:2)
  2 quokkas (D:2)
  3 frilled lizards
  8 kobolds
  9 rats
67 creatures vanquished.

Notes
Turn   | Place    | Note
-------+----------+-------------------------------------------
     0 | D:1      | KarmaPolice the Vampire Skald began the quest for the Orb.
     0 | D:1      | Reached XP level 1. HP: 16/16 MP: 3/3
   231 | D:1      | Reached XP level 2. HP: 22/22 MP: 5/5
   235 | D:1      | Learned a level 2 spell: Song of Slaying
   238 | D:1      | Learned a level 2 spell: Shroud of Golubria
  1185 | D:2      | Reached XP level 3. HP: 26/27 MP: 0/6
  1436 | D:2      | Reached XP level 4. HP: 33/34 MP: 2/7
  1450 | D:2      | Learned a level 3 spell: Regeneration
  1485 | D:2      | Reached skill level 4 in Charms
  1620 | D:2      | Found a hide-covered altar of Uskayaw.
  2833 | D:3      | Reached XP level 5. HP: 38/39 MP: 0/9
  2957 | D:3      | Noticed an ogre
  3631 | D:3      | Found a runed door.
  4255 | D:3      | Noticed Crazy Yiuf
  4289 | D:3      | Slain by Crazy Yiuf

Skill      XL: |  1  2  3  4 |
---------------+-------------+-----
Fighting       | 2 |  2.9
Charms         | 4 |  4.3
Long Blades    | 3 |  3.4
Spellcasting   | 3 |  3.1
Armour         | |  0.7
Dodging        | |  1.1

Action                   |  1- 3 |  4- 6 || total
-------------------------+-------+-------++-------
Melee: Falchion          |    89 |   107 ||   196
       Bite              |     8 |     8 ||    16
       Unarmed           |       |    18 ||    18
 Cast: Song of Slaying   |     3 |    10 ||    13
       Shroud of Golubri |     3 |     6 ||     9
       Infusion          |     3 |    10 ||    13
 Abil: End Transformatio |       |     9 ||     9
       Bat Form          |       |     9 ||     9
  Use: Potion            |       |     3 ||     3
 Stab: Sleeping          |       |     2 ||     2
  Eat: Corpse            |     1 |     3 ||     4
Armor: Leather armour    |    23 |    28 ||    51
Dodge: Dodged            |    53 |    74 ||   127
       Rpst.: Falchion   |    23 |    17 ||    40
